 Dungeon Crawl Stone Soup version 0.26.0-10-g1f06aea511 (webtiles) character file.

Game seed: 16925050034158054372

32324 MajorAdolf the Cleaver (level 13, 0/117 HPs)
             Began as a Naga Wanderer on Jan 17, 2021.
             Was an Initiate of Gozag.
             Slain by a storm dragon (8 damage)
             ... on level 14 of the Dungeon.
             The game lasted 00:36:31 (21559 turns).

MajorAdolf the Cleaver (Naga Wanderer)             Turns: 21559, Time: 00:36:32

Health: 0/117      AC: 24    Str: 18    XL:     13   Next: 63%
Magic:  13/13      EV:  5    Int: 19    God:    Gozag
Gold:   1507       SH: 19    Dex: 21    Spells: 12/12 levels left

rFire    + . .     SeeInvis +   E - +5 broad axe
rCold    . . .     Faith    .   m - +2 tower shield
rNeg     . . .     Spirit   .   M - +1 plate armour {rF+}
rPois    +         Reflect  .   h - +2 helmet {Int+3}
rElec    .         Harm     .   b - +2 cloak
rCorr    .         Rampage  +   j - +2 pair of gloves of the Dwarven Hall {Rampage}
Will     ++...                  (no barding)
Stlth    ..........             n - amulet of the acrobat
HPRegen  0.29/turn              Y - +6 ring of dexterity
MPRegen  0.13/turn              I - +6 ring of dexterity

@: very slow
A: large, camouflage 1, see invisible, deformed body, strong-willed 1, poison
resistance, slowness 2, spit poison 1, constrict 1, AC +4
a: Spit Poison, Renounce Religion, Potion Petition, Call Merchant, Bribe Branch


You were on level 14 of the Dungeon.
You worshipped Gozag.
Gozag was most pleased with you.
You visited 2 branches of the dungeon, and saw 15 of its levels.
You also visited: Ice Cave.

You collected 3103 gold pieces.
You spent 849 gold pieces at shops.
You paid 747 gold pieces to Gozag.

Inventory:

Hand Weapons
 v - a +0 hand axe of venom
 E - a +5 broad axe (weapon)
Armour
 b - a +2 cloak (worn)
 h - a +2 helmet of intelligence (worn)
 j - the +2 pair of gloves of the Dwarven Hall (worn) {Rampage}
   (You found it on level 4 of the Dungeon)

   It bestows one free step when moving towards enemies.
 m - a +2 tower shield (worn)
 M - a +1 plate armour of fire resistance (worn)
 X - -2 ice dragon scales
Magical Staves
 A - an uncursed staff of poison
Jewellery
 n - an amulet of the acrobat (around neck)
 H - an uncursed ring of positive energy
 I - a +6 ring of dexterity (right hand)
 Q - an uncursed ring of positive energy
 Y - a +6 ring of dexterity (left hand)
Wands
 a - a wand of paralysis (5)
 e - a wand of polymorph (6)
 C - a wand of acid (15)
 D - a wand of flame (51)
 U - a wand of digging (5)
 V - a wand of disintegration (6)
Scrolls
 c - 2 scrolls of immolation
 d - a scroll of vulnerability {unknown}
 i - 8 scrolls of identify
 o - 6 scrolls of remove curse
 t - a scroll of magic mapping
 J - 3 scrolls of teleportation
 L - a scroll of silence
 R - a scroll of fear
Potions
 f - 2 potions of heal wounds
 g - 2 potions of haste
 k - 3 potions of flight
 l - a potion of berserk rage
 p - 2 potions of lignification
 q - 8 potions of curing
 B - a potion of resistance
 O - a potion of might
 P - 2 potions of magic
 T - 3 potions of invisibility
Miscellaneous
 y - a box of beasts (inert)
 F - a tin of tremorstones (inert)
 K - a phial of floods (inert)
 S - a phantom mirror (inert)


   Skills:
 + Level 7.9 Fighting
 * Level 11.1 Axes
 - Level 1.0(7.2) Maces & Flails
 + Level 8.3 Armour
 + Level 6.5 Dodging
 - Level 3.0 Stealth
 * Level 9.0 Shields
 * Level 10.6 Evocations


You had 12 spell levels left.
You didn't know any spells.
Your spell library contained the following spells:

 Spells                   Type           Power        Failure   Level
 Sandblast                Erth           0%           100%        1
 Passwall                 Tmut/Erth      0%           100%        2
 Confusing Touch          Hex            0%           100%        3
 Gell's Gravitas          Tloc           0%           100%        3
 Portal Projectile        Hex/Tloc       0%           100%        3
 Stone Arrow              Conj/Erth      0%           100%        3
 Petrify                  Tmut/Erth      0%           100%        4
 Lee's Rapid Deconstruct  Erth           0%           100%        5
 Metabolic Englaciation   Hex/Ice        0%           100%        5
 Yara's Violent Unravell  Hex/Tmut       0%           100%        5
 Dispersal                Tloc           0%           100%        6
 Disjunction              Tloc           0%           100%        8


Dungeon Overview and Level Annotations

Branches:
Dungeon (14/15)            Temple (1/1) D:7            Lair (0/6) D:11
    Orc (0/2) D:12          IceCv (visited)
 Vaults: D:13-14

Altars:
Ashenzari
Cheibriados
Dithmenos
Elyvilon
Fedhas
Gozag
Hepliaklqana
Kikubaaqudgha
Makhleb
Nemelex Xobeh
Okawaru
Qazlal
Ru
Sif Muna
Trog
Uskayaw
Vehumet
Wu Jian
Xom
Yredelemnul
Zin
The Shining One
Beogh

Shops:
D:4 }   D:5 *   D:7 ?   D:10 *   D:11 *!::   D:13 }

Annotations:
D:7 exclusion: downstairs
D:12 exclusion: 2 oklob plants
D:13 2 transporters, HilariousDeathArtist's ghost, journeyman VSBe


Innate Abilities, Weirdness & Mutations

You cannot wear boots.
Your serpentine skin is tough. (AC +4)
You have supernaturally acute eyesight. (SInv)
Armour fits poorly on your strangely shaped body.
Your system is resistant to poisons. (rPois)
You cover ground very slowly.
You can spit poison.
You can use your snake-like lower body to constrict enemies.
Your skin changes colour to match your surroundings (Stealth+).
You are strong-willed. (Will+)


Message History

The storm dragon becomes distracted by the nearby gold, dreaming of imaginary riches.
Unknown command.
You slash the storm dragon!
The storm dragon is no longer distracted by gold.
The storm dragon is moderately wounded.
A worker ant comes into view.
The storm dragon bites you but does no damage.
You block the storm dragon's attack.
The storm dragon tramples you but does no damage.
You barely miss the storm dragon.
The storm dragon is moderately wounded.
The storm dragon breathes lightning at you.
The bolt of lightning hits you!!
* * * LOW HITPOINT WARNING * * *
The bolt of lightning hits you!!
* * * LOW HITPOINT WARNING * * *
The bolt of lightning hits the storm dragon.
The storm dragon completely resists.
The storm dragon bites you!
You die...
Your body crumbles into a pile of gold.

,..............#.}⌠).#,,,,,,,,,,,
,..........#...#,.:..#,,,*,,,,,**
,..........#..........,,,*,,**,**
,..........##....###..,,**,*#.<..
,...........##.....,..,**,,,.....
,............##.....,,**,,,,,....
,.............##....,**,,,,,.....
,.#.........#.####.***,,,,,,.$.#.
,#..........##.$@#,,,,,,,,*,.....
*...........#.#D##***,*,,**,,,,#.
*............≈B## **,,,***,****
,...........≈≈≈## **,** ***
*...........#≈..# ***
,..(.........#)##
*..............###
,.#..............##
,............}....#


You could see a storm dragon (catching breath, waterlogged) and a worker ant.

Vanquished Creatures
  Erolcha (D:10)
  A centaur warrior (D:13)
  Erica (D:10)
  3 two-headed ogres
  A death knight (D:8)
  A death yak (IceCv)
  3 skeletal warriors (D:11)
  3 unseen horrors
  A wolf spider zombie (D:14)
  2 deep elf magi
  4 ugly things
  4 centaur skeletons
  4 orange demons (D:10)
  2 red devils (D:10)
  16 polar bears (IceCv)
  A troll (D:9)
  2 raiju (D:14)
  7 slime creatures
  A wraith (D:14)
  12 yaks (IceCv)
  3 wyverns
  A steam dragon (D:14)
  2 water moccasins
  A black bear (D:10)
  12 orc warriors
  2 ice beasts
  An eye of draining (D:13)
  2 sky beasts
  4 phantoms
  9 centaurs
  3 ogres
  15 wolves (IceCv)
  5 big kobolds
  10 bullfrogs
  A wyvern skeleton (D:8)
  2 scorpions
  11 killer bees
  15 wights
  3 howler monkeys
  8 jellies
  A bullfrog zombie (D:12)
  4 centaur zombies
  A gnoll shaman (D:4)
  8 orc priests
  7 hounds
  5 bullfrog skeletons
  Ijyb (D:5)
  An iguana (D:9)
  11 worker ants
  24 orc wizards
  A killer bee zombie (D:8)
  A hound zombie (D:6)
  3 hound skeletons
  A howler monkey zombie (D:11)
  A worker ant zombie (D:5)
  11 adders
  7 gnolls (D:4)
  2 shadow imps
  14 white imps
  14 oozes
  2 adder skeletons
  4 worms
  2 dart slugs
  9 leopard geckos
  88 orcs
  4 bats
  8 giant cockroaches
  14 goblins
  8 hobgoblins
  21 jackals
  5 quokkas
  A ball python (D:4)
  6 frilled lizards
  36 kobolds
  A leopard gecko skeleton (D:5)
  9 rats
516 creatures vanquished.

Vanquished Creatures (collateral kills)
  A frost giant (IceCv)
  A raiju (D:14)
2 creatures vanquished.

Vanquished Creatures (others)
  6 fungi (D:6)
  5 withered plants (D:8)
11 creatures vanquished.

Grand Total: 529 creatures vanquished

Notes
Turn   | Place    | Note
-------+----------+-------------------------------------------
     0 | D:1      | MajorAdolf the Naga Wanderer began the quest for the Orb.
     0 | D:1      | MajorAdolf set off with the following items: a +2 hand axe,
                  | a +0 mace, a +0 ring mail, a +0 dagger
     0 | D:1      | Reached XP level 1. HP: 15/15 MP: 1/1
   168 | D:1      | Reached skill level 5 in Armour
   353 | D:1      | Reached XP level 2. HP: 22/22 MP: 2/2
   897 | D:1      | Reached XP level 3. HP: 28/30 MP: 3/3
  1100 | D:2      | Reached skill level 1 in Fighting
  1100 | D:2      | Reached skill level 2 in Axes
  1220 | D:2      | Reached XP level 4. HP: 38/38 MP: 4/4
  1316 | D:2      | Reached skill level 1 in Dodging
  1316 | D:2      | Reached skill level 1 in Shields
  1550 | D:2      | Found an iron altar of Okawaru.
  2453 | D:3      | Reached XP level 5. HP: 44/44 MP: 5/5
  2629 | D:3      | HP: 1/44 [orc (2)]
  2630 | D:3      | Reached skill level 3 in Axes
  3733 | D:3      | Reached XP level 6. HP: 51/52 MP: 6/6
  4072 | D:4      | Gained mutation: You are agile. (Dex +2) [potion of
                  | mutation]
  4072 | D:4      | Gained mutation: Your body sometimes deteriorates upon
                  | taking damage. [potion of mutation]
  4072 | D:4      | Gained mutation: You have a beak for a mouth. [potion of
                  | mutation]
  4124 | D:4      | Reached skill level 1 in Evocations
  4369 | D:4      | Found an iron altar of Okawaru.
  4369 | D:4      | Found a blossoming altar of Fedhas.
  4454 | D:4      | Found Wutsuuj's Gadget Shop.
  4593 | D:4      | Reached XP level 7. HP: 49/61 MP: 7/7
  4651 | D:4      | Identified the cursed +3 hand axe of the Maze {vamp, Will+
                  | Int+3 Dex-2}
  4659 | D:4      | Reached skill level 4 in Axes
  5649 | D:4      | Got a pair of jewelled gloves
  5655 | D:4      | Identified the +2 pair of gloves of the Dwarven Hall
                  | {Rampage} (You found it on level 4 of the Dungeon)
  5657 | D:5      | Entered Level 5 of the Dungeon
  5674 | D:5      | Reached XP level 8. HP: 59/68 MP: 8/8
  5776 | D:5      | Found Ukan's Mass Market.
  5776 | D:5      | Noticed Ijyb
  5788 | D:5      | Killed Ijyb
  6093 | D:5      | Bought a +0 tower shield for 63 gold pieces
  6215 | D:5      | Reached skill level 5 in Axes
  6600 | D:6      | Found an ornate altar of the Wu Jian Council.
  6765 | D:6      | Noticed a slime creature
  6791 | D:6      | Killed a slime creature
  7085 | D:6      | Noticed a two-headed ogre
  7094 | D:6      | Killed a two-headed ogre
  7095 | D:6      | Reached skill level 6 in Axes
  7095 | D:6      | Reached XP level 9. HP: 44/78 MP: 9/9
  7559 | D:6      | Reached skill level 5 in Evocations
  8562 | D:7      | Identified the +1 robe of Indomitability {Harm +Blink
                  | Regen+ Dex-5}
  8587 | D:7      | Found a staircase to the Ecumenical Temple.
  8892 | D:7      | Reached XP level 10. HP: 74/87 MP: 10/10
  9049 | Temple   | Entered the Ecumenical Temple
  9161 | Temple   | Became a worshipper of Gozag Ym Sagoz the Greedy
  9320 | D:7      | Reached skill level 7 in Axes
  9600 | D:7      | Found Sinauxo's Magic Scroll Shoppe.
  9733 | D:4      | Bought a wand of paralysis (8) for 100 gold pieces
  9733 | D:4      | Bought a wand of paralysis (6) for 80 gold pieces
  9816 | D:8      | Reached skill level 5 in Shields
 10037 | D:8      | Found an ancient bone altar of Kikubaaqudgha.
 10439 | D:8      | Noticed a death knight
 10721 | D:8      | Reached skill level 5 in Fighting
 10884 | D:8      | Killed a death knight
 11391 | D:9      | Noticed a two-headed ogre
 11399 | D:9      | Killed a two-headed ogre
 11400 | D:9      | Reached skill level 8 in Axes
 11520 | D:9      | Found a sacrificial altar of Ru.
 11621 | D:9      | Found a burning altar of Makhleb.
 11622 | D:9      | Found a sacrificial altar of Ru.
 11669 | D:9      | Reached XP level 11. HP: 20/96 MP: 11/11
 12213 | D:9      | Found a hazy altar of Hepliaklqana.
 12466 | D:10     | Entered Level 10 of the Dungeon
 13228 | D:10     | Noticed Erica
 13245 | D:10     | Killed Erica
 13582 | D:10     | Noticed Erolcha
 13597 | D:10     | Killed Erolcha
 13630 | D:10     | Reached skill level 5 in Dodging
 14002 | D:10     | Reached skill level 9 in Axes
 14443 | D:11     | Bought 2 potions of mutation for 240 gold pieces
 14443 | D:11     | Bought a scroll of teleportation for 45 gold pieces
 14443 | D:11     | Bought a scroll of teleportation for 45 gold pieces
 14710 | D:11     | Found a staircase to the Lair.
 14786 | D:11     | You fall into a shaft and drop 1 floor!
 14835 | D:11     | Found Wuarr's Book Boutique.
 14927 | D:11     | Found Vide's Distillery.
 14940 | D:11     | Bought a potion of might for 60 gold pieces
 15018 | D:11     | Lost mutation: Your body sometimes deteriorates upon taking
                  | damage. [potion of mutation]
 15018 | D:11     | Lost mutation: You are agile. (Dex +2) [potion of mutation]
 15018 | D:11     | Lost mutation: You have a beak for a mouth. [potion of
                  | mutation]
 15018 | D:11     | Gained mutation: You have a pair of small horns on your
                  | head. [potion of mutation]
 15018 | D:11     | Gained mutation: You evolve. [potion of mutation]
 15021 | D:11     | Lost mutation: You have a pair of small horns on your head.
                  | [potion of mutation]
 15021 | D:11     | Lost mutation: You evolve. [potion of mutation]
 15021 | D:11     | Gained mutation: Your skin changes colour to match your
                  | surroundings (Stealth+). [potion of mutation]
 15021 | D:11     | Gained mutation: You are strong-willed. (Will+) [potion of
                  | mutation]
 15032 | D:11     | Noticed a two-headed ogre
 15049 | D:11     | Killed a two-headed ogre
 15050 | D:11     | Reached XP level 12. HP: 100/106 MP: 12/12
 15405 | D:11     | Found Paczoheng's Book Shop.
 15822 | D:12     | Found a staircase to the Orcish Mines.
 17650 | D:12     | Found a roughly hewn altar of Beogh.
 17778 | D:12     | Found a blossoming altar of Fedhas.
 18447 | D:13     | Noticed a two-headed ogre
 18447 | D:13     | Noticed a sphinx
 18448 | D:13     | Noticed HilariousDeathArtist's ghost (journeyman VSBe)
 18450 | D:13     | Found a transporter.
 18464 | D:13     | Reached skill level 10 in Axes
 18540 | D:13     | Found a transporter.
 18587 | D:13     | Found Ciluiff's Gadget Boutique.
 18713 | D:13     | Bought a wand of digging (5) for 216 gold pieces
 18903 | D:13     | Noticed a centaur warrior
 18919 | D:13     | Killed a centaur warrior
 19774 | D:14     | Gained mutation: You can use your snake-like lower body to
                  | constrict enemies. [Naga growth]
 19774 | D:14     | Reached XP level 13. HP: 59/115 MP: 13/13
 19776 | D:14     | Reached skill level 10 in Evocations
 19788 | D:14     | Found a frozen archway.
 19805 | IceCv    | Entered an ice cave
 20736 | IceCv    | Noticed a frost giant
 20747 | IceCv    | Reached skill level 11 in Axes
 20754 | IceCv    | Killed a frost giant
 21427 | D:14     | Noticed a storm dragon
 21428 | D:14     | Found the +8 arc blade {discharge, rElec}
 21559 | D:14     | Slain by a storm dragon

Illustrated notes

Levels and vault maps discovered:
D:1:      dpeg_arrival_rooms_c, layout_loops_ring
D:2:      layout_basic, kennysheep_okawaru_gauntlet
D:3:      layout_loops_ring, minmay_goblin_outpost
D:4:      minmay_clustersquares, layout_basic,
          gammafunk_temple_overflow_elements, serial_shops, shop_fountains,
          minmay_misc_feat_tiny
D:5:      layout_basic, minmay_shop_mass, uniq_ijyb
D:6:      lemuel_slime, layout_loops_ring, kennysheep_mini_moat
D:7:      layout_loops_ring, minmay_temple_entry_ruins, serial_shops, shop
D:8:      layout_loops_ring, kiku_gazebo_garden_becter
D:9:      layout_loops_ring, lemuel_crystal_altar,
          gammafunk_temple_overflow_statue, grunt_decor_clamped,
          nicolae_ru_awakened_eye
D:10:     layout_roguey [special_room_orc], serial_glass, glass_columns_b,
          glass_columns_b, minmay_beelzebubs_servants, uniq_erolcha, uniq_erica
D:11:     layout_basic, lair_entry_dummy, serial_shops,
          nicolae_shop_temple_entry_statues_fountains, shop,
          nicolae_shop_behind_doors
D:12:     layout_rooms, minmay_orc_entry_temple_small, hangedman_tree_tricks
D:13:     layout_loops_corners, serial_shops, nicolae_shop_waterfront,
          gammafunk_ghost_arena, kennysheep_generic_room_10
D:14:     minmay_shoctagon, layout_cross, lightli_vaults_fourway_checkpoint,
          portal_ice_cave_entry_imps, minivault_25, gammafunk_ghost_necromancy
Temple:   regret_index_temple_waves

Skill      XL: |  1  2  3  4  5  6  7  8  9 10 11 12 13 |
---------------+----------------------------------------+-----
Armour         | 5 6 7 8 |  8.3
Fighting       | 1 2 3 4 5 6 7 |  7.9
Axes           | 2 3 4 6 8 9 10 11 | 11.1
Dodging        | 1 2 3 4 5 6 |  6.5
Shields        | 1 2 3 4 5 7 8 9 |  9.0
Evocations     | 1 3 4 5 7 8 9 10 | 10.6
Maces & Flails | |  1.0
Stealth        | |  3.0

Action                   |  1- 3 |  4- 6 |  7- 9 | 10-12 | 13-15 || total
-------------------------+-------+-------+-------+-------+-------++-------
Melee: Hand axe          |    82 |   235 |   381 |   195 |       ||   893
       Peck              |       |     9 |    64 |    76 |       ||   149
       Broad axe         |       |       |       |   756 |   200 ||   956
       Constrict         |       |       |       |       |    43 ||    43
Invok: Call Merchant     |       |       |       |     1 |       ||     1
 Abil: Spit Poison       |     3 |    11 |     1 |     3 |     1 ||    19
Evoke: Wand              |       |     1 |     9 |    29 |    12 ||    51
       Tin of tremorston |       |       |       |     3 |     1 ||     4
       Box of beasts     |       |       |       |       |     1 ||     1
       Phial of floods   |       |       |       |       |     1 ||     1
       Phantom mirror    |       |       |       |       |     1 ||     1
       Condenser vane    |       |       |       |       |     1 ||     1
  Use: Potion            |       |     2 |       |     6 |     1 ||     9
       Scroll            |       |    12 |     8 |    11 |     4 ||    35
 Stab: Sleeping          |     1 |       |       |       |     1 ||     2
       Distracted        |       |     1 |       |     2 |     9 ||    12
       Paralysed         |       |       |    16 |    41 |     4 ||    61
Armor: Ring mail         |    31 |    42 |       |       |       ||    73
       Chain mail        |       |    97 |   252 |   253 |       ||   602
       Plate armour      |       |       |       |   218 |    15 ||   233
       Ice dragon scales |       |       |       |       |   120 ||   120
Dodge: Dodged            |    48 |    84 |    48 |   124 |    49 ||   353
Block: Buckler           |    10 |    32 |    21 |       |       ||    63
       Tower shield      |       |       |   169 |   825 |   203 ||  1197
